 Dungeon Crawl Stone Soup version 0.28.0-53-g5a82cb258f (webtiles) character file.

Game seed: 2403436003656073481

407 firemarshallily the Conjurer (level 6, -5/32 HPs)
             Began as a Tengu Conjurer on June 25, 2022.
             Was a Priest of Cheibriados.
             Slain by a gnoll
             ... wielding a +0 halberd
              (14 damage)
             ... on level 4 of the Dungeon.
             The game lasted 00:16:16 (3987 turns).

firemarshallily the Conjurer (Tengu Conjurer)       Turns: 3987, Time: 00:16:16

Health: -5/32      AC:  1    Str: 14    XL:     6   Next: 88%
Magic:  10/13      EV: 16    Int: 26    God:    Cheibriados [***...]
Gold:   131        SH:  0    Dex: 18    Spells: 3/13 levels left

rFire   + . .      SeeInvis .   d - +0 dagger
rCold   . . .      Faith    .   (no shield)
rNeg    . . .      Spirit   .   (no armour)
rPois   .          Reflect  .   (helmet restricted)
rElec   .          Harm     .   i - +0 cloak
rCorr   .          Rampage  .   (no gloves)
Will    .....                   (boots unavailable)
Stlth   ++........              (no amulet)
HPRegen 0.10/turn               c - ring of protection from fire
MPRegen 0.13/turn               (no ring)

@: flying quickly and evasively, very slow
A: beak, talons 3, nimble flight
a: Renounce Religion, Bend Time, Temporal Distortion


You were on level 4 of the Dungeon.
You worshipped Cheibriados.
Cheibriados was most pleased with you.
You visited 1 branch of the dungeon, and saw 6 of its levels.

You collected 131 gold pieces.

Inventory:

Hand Weapons
 d - a +0 dagger (weapon)
Missiles
 b - 14 poisoned darts
 f - 104 stones
 j - 5 boomerangs
Armour
 a - a +0 robe
 i - a +0 cloak (worn)
Jewellery
 c - a ring of protection from fire (left hand)
Scrolls
 e - 2 scrolls of teleportation
Potions
 g - a potion of resistance
 h - 2 potions of cancellation


   Skills:
 - Level 3.0 Dodging
 - Level 2.0 Stealth
 * Level 4.3 Spellcasting
 * Level 7.7 Conjurations
 + Level 2.6 Summonings


You had 3 spell levels left.
You knew the following spells:

 Your Spells              Type           Power      Damage    Failure   Level
a - Magic Dart            Conj           100%       1d8       1%          1
b - Searing Ray           Conj           92%        2d7       1%          2
c - Call Canine Familiar  Summ           19%        N/A       9%          3
d - Fulminant Prism       Conj/Hex       12%        3d9       17%         4

Your spell library contained the following spells:

 Spells                   Type           Power      Damage    Failure   Level
 Dazzling Flash           Conj/Hex       50%        N/A       4%          3
 Pain                     Necr           20%        1d5       9%          1
 Portal Projectile        Hex/Tloc       10%        N/A       24%         3
 Iskenderun's Mystic Bla  Conj/Tloc      25%        2d7       17%         4
 Leda's Liquefaction      Hex/Erth       2%         N/A       63%         4
 Agony                    Necr           5%         N/A       92%         5
 Excruciating Wounds      Necr           2%         N/A       92%         5


Dungeon Overview and Level Annotations

Branches:
Dungeon (6/15)             Temple (0/1) D:4

Altars:
Cheibriados

Shops:
D:1 *

Annotations:
D:4 2 transporters
D:6 Menkaure


Innate Abilities, Weirdness & Mutations

You have a beak for a mouth.
You have claws for feet.
Your magical nature lets you fly swiftly and evasively.


Message History

Your hound dies!
Your hound's corpse disappears in a puff of smoke!
The gnoll hits you from afar with a +0 halberd!
The gnoll sergeant shouts!
You hear a shout!
The gnoll hits you from afar with a +0 halberd!
Unknown command.
Your magical contamination has completely faded away.
There is a stone staircase leading up here.
The gnoll sergeant hits you from afar with a +0 trident!
You fly upwards.
There is a stone staircase leading down here.
You start resting.
Magic restored.
You start resting.
HP restored.
There is a stone staircase leading down here.
You fly downwards.
Level annotation: 2 transporters
There is a stone staircase leading up here.
Casting: Searing Ray (safe; 1% risk of failure)
Confirm with . or Enter, or press ? or * to list all spells.
The spell is extremely dangerous to miscast (22% risk of failure)!
Continue anyway?
Aiming: Fulminant Prism (extremely dangerous; 22% risk of failure)
Press: ? - help, Dir - move target You conjure a prism of explosive energy!
A fulminant prism comes into view.
The gnoll hits your fulminant prism with a +0 halberd.
Your fulminant prism detonates feebly.
Unknown command.
You start removing your armour.
You continue taking off your +0 leather armour. x4
The gnoll misses you.
You finish taking off your +0 leather armour.
You drop a +0 leather armour.
The gnoll hits you from afar with a +0 halberd!
The gnoll hits you from afar with a +0 halberd!
* * * LOW HITPOINT WARNING * * *
The gnoll hits you from afar with a +0 halberd!
You die...

#.........# ####.#.#..#.
###<#.#.#.## #...#.##.#.
#####..........# #.###.##...
#.....#.#.#.#.## #.# #.###..
#......##.###.# #.# #.# #..
#......##...#[# #.# #.# ##.
#......####.#g######.###.####.
###.#####.....................
#b#.#.# #....@....##.##.#####.
###≈#.#≈# #####.#.....).###
#... ##≈..#.#≈#
#.....#.#.#...# #..>
.#####.#.# #.....#.#.#...#
###..# .......#≈#
#....<#.#.#...# #b#..#
######.#≈# ###.......#####
#≈#..# ##P.≈#.#P# ##..#.###
#.#..# .###.#.#.# #..#.#
#≈#..# .# #.#.#≈# #....#
#≈#..#


You could see a gnoll.

Vanquished Creatures
  Grinder (D:3)
  Crazy Yiuf (D:2)
  A centaur skeleton (D:4)
  Natasha (D:2)
  A hound skeleton (D:2)
  Robin (D:2)
  2 dart slugs (D:2)
  8 orcs
  9 ball pythons
  2 bats
  7 endoplasms
  5 giant cockroaches
  19 goblins
  8 hobgoblins
  9 kobolds
  4 quokkas
  4 frilled lizards
  6 rats
89 creatures vanquished.

Vanquished Creatures (others)
  A fulminant prism (D:4)
  3 fungi (D:4)
  8 plants (D:2)
12 creatures vanquished.

Grand Total: 101 creatures vanquished

Notes
Turn   | Place    | Note
-------+----------+-------------------------------------------
     0 | D:1      | firemarshallily the Tengu Conjurer began the quest for the
                  | Orb.
     0 | D:1      | Reached XP level 1. HP: 10/10 MP: 4/4
   176 | D:1      | Reached XP level 2. HP: 15/15 MP: 4/6
   591 | D:1      | Found Obemas's Assorted Antiques.
   654 | D:1      | Reached XP level 3. HP: 19/19 MP: 5/7
   660 | D:1      | Learned a level 2 spell: Searing Ray
  1068 | D:2      | Reached skill level 6 in Conjurations
  1342 | D:2      | Found a faded altar of an unknown god.
  1432 | D:2      | Prayed at the altar of an unknown god.
  1432 | D:2      | Became a worshipper of Cheibriados the Contemplative
  1432 | D:2      | Reached * piety under Cheibriados
  1609 | D:2      | Reached XP level 4. HP: 24/24 MP: 1/9
  1743 | D:2      | Noticed Natasha
  1747 | D:2      | Killed Natasha
  1996 | D:2      | Noticed Robin
  2004 | D:2      | Killed Robin
  2005 | D:2      | Reached skill level 1 in Summonings
  2005 | D:2      | Gained mutation: Your magical nature lets you fly swiftly
                  | and evasively. [Tengu growth]
  2005 | D:2      | Reached XP level 5. HP: 28/28 MP: 0/10
  2308 | D:2      | Found a runed translucent door.
  2315 | D:2      | Noticed Crazy Yiuf
  2322 | D:2      | Learned a level 3 spell: Call Canine Familiar
  2388 | D:2      | Killed Crazy Yiuf
  2761 | D:3      | Reached ** piety under Cheibriados
  2762 | D:3      | Noticed Grinder
  2778 | D:3      | Killed Grinder
  2779 | D:3      | Reached skill level 7 in Conjurations
  2779 | D:3      | Reached XP level 6. HP: 17/32 MP: 0/13
  2974 | D:3      | You are sucked into a shaft and drop 3 floors!
  2983 | D:6      | Noticed Menkaure
  2997 | D:5      | Entered Level 5 of the Dungeon
  3095 | D:4      | Found a transporter.
  3102 | D:4      | Found a transporter.
  3111 | D:4      | Identified the +5 ring mail of Noughts and Crosses {Rampage
                  | Dex+6}
  3469 | D:3      | Learned a level 4 spell: Fulminant Prism
  3749 | D:4      | Found a staircase to the Ecumenical Temple.
  3759 | D:4      | Reached *** piety under Cheibriados
  3987 | D:4      | Slain by a gnoll

Illustrated notes

Levels and vault maps discovered:
D:1:      onia_arrival_mini_spirals, layout_loops_ring, serial_shops,
          nicolae_shop_waterfront, minmay_tetromino_l2
D:2:      cheibrodos_old_hovel, layout_loops_ring, basic_ecumenical_altar,
          uniq_natasha, uniq_robin, uniq_crazy_yiuf_cottage
D:3:      layout_rooms, minmay_goblin_outpost, uniq_grinder
D:4:      lemuel_castle_with_subvaults [lemuel_castle_interior_carwin_3],
          layout_basic, gammafunk_temple_overflow_arena,
          minmay_temple_entry_statues_pillars, serial_aquarium,
          aquarium_bridge_square [aquarium_subvault_wall,
          aquarium_subvault_bridge, aquarium_subvault_bridge,
          aquarium_subvault_bridge], aquarium_bridge_square
          [aquarium_subvault_bridge, aquarium_subvault_balcony,
          aquarium_subvault_bridge, aquarium_subvault_bridge],
          aquarium_window_2, aquarium_window_1, aquarium_window_corridor_2,
          aquarium_window_fake, aquarium_view_2a, aquarium_pool_side,
          st_stairs_9, chequers_serial_rivers_room_a, minmay_puff
D:5:      layout_loops_ring, st_stairs_8
D:6:      layout_gridville, serial_shops, nicolae_shop_behind_doors,
          uniq_blork_the_orc, uniq_menkaure

Skill      XL: |  1  2  3  4  5 |
---------------+----------------+-----
Conjurations   | 6 7 |  7.7
Spellcasting   | 3 4 |  4.3
Dodging        | 3 |  3.0
Summonings     | 1 2 |  2.6
Stealth        | |  2.0

Action                   |  1- 3 |  4- 6 || total
-------------------------+-------+-------++-------
Melee: Club              |     2 |       ||     2
       Peck              |     3 |     3 ||     6
       Dagger            |    12 |    10 ||    22
       Kick              |     5 |     4 ||     9
Throw: Dart              |       |     2 ||     2
 Cast: Magic Dart        |    74 |    63 ||   137
       Call Canine Famil |       |     5 ||     5
       Searing Ray       |       |     4 ||     4
       Fulminant Prism   |       |     1 ||     1
  Use: Scroll            |     3 |     3 ||     6
 Stab: Sleeping          |     1 |       ||     1
Armor: Robe              |     4 |     2 ||     6
       Leather armour    |       |     1 ||     1
Dodge: Dodged            |     3 |    13 ||    16
